Map: Catalesque CE

Players

Ekelpack

  • Race: Zerg Zerg
  • Spawn Location: 11:00

Nyck

  • Race: Terran Terran
  • League: Silver
  • Spawn Location: 11:00

LilleSkutt - Winner!

  • Race: Terran Terran
  • League: Platinum
  • Spawn Location: 5:00

Bamse - Winner!

  • Race: Protoss Protoss
  • League: Platinum
  • Spawn Location: 5:00

VOD

Have the link to the VOD?

Description

Time

  • Played on: Nov. 8, 2024, 3:25 p.m.
  • Length: 29:34
Show
View Real Time Build Order
Export as new Build Order

Ekelpack Zerg 

Build Orders: Hatch First 

Get SALT Encoding   

  12  0:00  Drone  
  13  0:13  Overlord  
  13  0:16  Drone  
  14  0:31  Drone  
  15  0:42  Drone  
  16  0:49  Hatchery  
  15  1:04  Spawning Pool  
  14  1:06  Drone  
  14  1:10  Extractor  
  14  1:14  Drone  
  14  1:15  Drone  
  16  1:21  Drone  
  17  1:30  Drone  
  18  1:39  Drone  
  19  1:50  Queen  
  21  1:59  Drone  
  21  2:00  Queen  
  24  2:05  Drone  
  25  2:12  Overlord  
  25  2:21  Drone x2  
  27  2:27  Lair  
  27  2:35  Drone x2  
  27  2:36  Drone x2  
  31  2:45  Drone x2  
  31  2:49  Extractor  
  32  2:54  Drone  
  32  2:56  Drone  
  34  3:01  Drone x2  
  34  3:02  Overlord  
  36  3:07  Drone, Extractor  
  36  3:18  Extractor  
  36  3:20  Drone  
  36  3:26  Drone  
  37  3:29  Spire  
  36  3:35  Drone x2  
  36  3:38  Drone x3  
  41  3:46  Drone x3  
  41  3:47  Overlord  
  44  3:57  Overlord  
  44  3:58  Overlord x2  
  44  4:10  Spine Crawler  
  43  4:42  Mutalisk x4  
  43  4:43  Mutalisk x3  
  43  4:44  Mutalisk  
  59  4:47  Mutalisk  
  59  4:48  Mutalisk  
  59  4:49  Mutalisk  
  59  4:51  Zergling x2  
  59  4:52  Zergling x4  
  68  4:57  Overlord  
  68  4:58  Metabolic Boost  
  68  5:41  Hatchery  
  68  5:42  Overlord x2  
  67  5:44  Zergling x2  
  67  5:45  Zergling x14  
  67  5:46  Zergling x2  
  67  5:48  Overlord  
  67  5:49  Overlord x2  
  76  6:13  Infestation Pit  
  75  6:28  Evolution Chamber  
  75  6:29  Evolution Chamber  
  70  7:08  Zergling x12  
  73  7:09  Zergling x10  
  73  7:11  Zerg Melee Weapons Level 1, Zerg Ground Armor Level 1  
  73  7:14  Hive  
  80  7:17  Drone x4  
  84  7:28  Drone  
  84  7:29  Drone x2  
  87  7:30  Overseer  
  87  7:31  Zerg Flyer Weapons Level 1  
  87  7:35  Drone  
  88  7:37  Drone  
  89  7:49  Drone x3  
  92  7:51  Extractor  
  92  7:53  Drone, Extractor  
  92  7:54  Drone  
  92  7:56  Drone x3  
  95  8:02  Drone  
  95  8:03  Drone  
  97  8:18  Overlord x3  
  97  8:25  Queen  
  99  8:35  Drone x2  
  99  8:36  Overlord x2  
  101  8:45  Ultralisk Cavern  
  100  9:27  Zerg Melee Weapons Level 2  
  100  9:28  Zerg Ground Armor Level 2  
  100  9:29  Pneumatized Carapace  
  94  9:38  Chitinous Plating  
  94  9:39  Ultralisk  
  94  9:40  Ultralisk x7  
  114  10:02  Ultralisk x2  
  126  10:13  Zergling x8  
  130  10:18  Adrenal Glands  
  128  10:42  Hatchery  
  123  10:54  Zergling x6  
  123  10:55  Zergling x14  
  123  10:56  Zergling x10, Anabolic Synthesis  
  123  10:57  Zergling x10  
  125  11:12  Overlord x2  
  125  11:13  Overlord  
  125  11:17  Drone  
  125  11:18  Drone x3  
  129  11:46  Zerg Melee Weapons Level 3  
  129  11:47  Zerg Ground Armor Level 3, Extractor  
  129  11:48  Extractor  
  90  12:09  Drone x2  
  90  12:12  Hatchery  
  85  12:24  Ultralisk x4  
  106  12:40  Zergling x6  
  106  12:41  Zergling x10  
  106  12:42  Zergling x4  
  116  12:49  Hatchery  
  115  12:57  Drone  
  116  13:16  Hatchery  
  115  13:21  Drone x2  
  117  13:45  Zergling x6, Ultralisk x4  
  117  13:46  Zergling x2  
  127  14:18  Ultralisk x2  
  127  14:23  Drone x2  
  140  14:26  Drone x3  
  140  14:31  Drone  
  127  14:48  Drone  
  127  14:50  Overseer x2  
  127  15:24  Hatchery  
  126  15:37  Ultralisk  
  126  15:38  Ultralisk x2  
  144  16:00  Drone  
  144  16:01  Drone x2  
  147  16:05  Zergling x6  
  150  16:15  Zergling x2  
  150  16:16  Zergling x4  
  150  16:19  Hatchery  
  143  16:29  Zergling x4  
  143  16:31  Drone  
  143  16:32  Drone  
  147  16:40  Drone  
  144  17:05  Drone x3  
  140  17:12  Overlord  
  110  17:17  Drone x2, Zergling x2  
  110  17:18  Zergling x12  
  110  17:21  Drone x3  
  67  17:34  Overseer x3  
  67  17:43  Drone x2  
  69  17:50  Drone x3  
  70  17:52  Drone x2  
  70  17:53  Drone  
  68  18:03  Zergling x2  
  68  18:04  Zergling x10  
  74  18:07  Queen  
  74  18:09  Queen  
  77  18:18  Drone x2  
  41  19:35  Drone x3  
  41  19:37  Extractor  
  41  19:38  Ultralisk x3  
  57  19:57  Corruptor x2  
  61  20:01  Drone  
  62  20:24  Drone  
  62  20:25  Drone  
  63  20:52  Drone x3  
  60  21:15  Drone x5  
  60  21:28  Drone x3  
  60  21:29  Drone x2  
  60  21:30  Drone  
  66  22:00  Drone x2  
  39  23:07  Hatchery  
  38  23:33  Hatchery  
  37  23:48  Extractor  
  36  23:50  Extractor  
  35  24:47  Drone  
  36  25:20  Drone x3  
  39  25:45  Spawning Pool, Drone x2  
  40  25:55  Drone  
  41  26:32  Queen  
  43  26:33  Drone  
  43  26:34  Drone x2  
  41  27:24  Hatchery  
Show
View Real Time Build Order
Export as new Build Order

Nyck Terran 

Build Orders: Command Center First 

Get SALT Encoding   

  12  0:00  SCV  
  13  0:13  SCV  
  14  0:29  SCV  
  15  0:46  Command Center  
  15  0:54  Supply Depot  
  14  1:25  SCV  
  15  1:33  Barracks  
  15  1:44  SCV  
  15  2:00  SCV  
  16  2:07  Refinery  
  16  2:09  Refinery  
  16  2:13  SCV  
  17  2:22  Barracks  
  17  2:25  SCV  
  17  2:28  Barracks  
  18  2:32  SCV  
  19  2:39  SCV  
  20  2:45  Barracks Reactor  
  20  2:47  SCV  
  21  2:53  SCV  
  22  3:01  Supply Depot  
  22  3:05  Orbital Command  
  22  3:09  Orbital Command  
  22  3:17  Barracks Tech Lab  
  22  3:20  Barracks Reactor  
  22  3:22  Marine x2  
  24  3:31  SCV  
  25  3:34  SCV  
  25  3:38  Marauder  
  25  3:40  Combat Shield  
  28  3:43  SCV  
  29  3:50  SCV  
  29  3:53  Marine x2  
  32  3:56  Marine x2  
  32  3:59  Marauder  
  33  4:21  SCV x2  
  33  4:23  Marine x3, Marauder  
  39  4:28  Orbital Command  
  36  4:34  Marine  
  36  4:38  Bunker  
  36  4:42  SCV, Marine  
  36  4:45  Marauder  
  40  4:47  Marine x2  
  35  5:20  Concussive Shells  
  28  5:28  Orbital Command  
  28  5:29  SCV  
  27  5:52  Refinery  
  27  5:55  SCV x2  
  27  5:57  Refinery  
  29  5:59  Marine x2, Marauder  
  33  6:04  Factory  
  33  6:07  SCV x2  
  35  6:19  SCV x2, Marine x4  
  35  6:20  Marauder  
  43  6:31  SCV x2  
  45  6:43  SCV  
  46  6:49  SCV  
  43  6:55  SCV  
  43  7:01  SCV  
  35  7:12  Marine  
  35  7:13  Marine x3, Marauder  
  35  7:15  SCV x2  
  43  7:20  Starport  
  43  7:27  SCV x2  
  43  7:29  Command Center  
  45  7:34  Supply Depot  
  45  7:39  SCV  
  46  7:53  SCV x2, Marine x2  
  46  7:57  Supply Depot  
  46  7:58  Starport Reactor  
  50  8:03  Marine  
  50  8:04  Marine  
  50  8:05  SCV x2, Marauder  
  56  8:07  Stimpack  
  56  8:13  Engineering Bay  
  56  8:17  SCV x2  
  58  8:20  Supply Depot  
  58  8:26  Marauder  
  60  8:29  Marine x2  
  60  8:30  Marine x2  
  64  8:46  Command Center  
  75  8:48  Medivac  
  64  8:52  Medivac  
  68  8:59  Marine x3  
  68  9:00  Marine  
  68  9:01  Marauder  
  68  9:02  Terran Infantry Weapons Level 1  
  74  9:03  SCV x2  
  76  9:10  Orbital Command  
  76  9:15  SCV x2  
  78  9:24  Barracks  
  78  9:27  SCV  
  78  9:28  Barracks  
  79  9:34  SCV  
  79  9:38  SCV  
  81  9:39  SCV  
  82  9:46  SCV  
  82  9:50  SCV  
  82  9:52  SCV  
  85  9:54  Medivac x2  
  89  10:13  Barracks  
  76  10:24  Marine x4  
  76  10:25  Marauder  
  76  10:26  Medivac  
  76  10:27  Medivac  
  81  10:42  Marine x2  
  78  10:47  Marauder  
  77  10:55  Planetary Fortress  
  77  11:00  Marine x4  
  81  11:08  Marauder  
  83  11:15  SCV  
  83  11:16  SCV  
  85  11:21  Marine  
  85  11:22  Marine x3  
  89  11:26  Barracks Tech Lab  
  89  11:27  Barracks Tech Lab x2  
  89  11:28  SCV x2  
  89  11:29  Terran Infantry Armor Level 1, Marauder  
  89  11:31  Supply Depot  
  93  11:35  Medivac x2  
  93  11:37  SCV  
  93  11:39  Marine  
  99  11:40  SCV  
  100  11:54  Supply Depot  
  99  12:15  Marine x3  
  100  12:16  Marine  
  100  12:17  Supply Depot  
  100  12:19  SCV  
  100  12:20  SCV x2  
  106  12:27  Ghost Academy  
  106  12:29  Medivac  
  108  12:30  Medivac  
  108  12:31  SCV  
  108  12:32  SCV x2, Marauder x2  
  117  12:38  Marauder x2  
  117  12:40  Supply Depot  
  117  12:43  SCV  
  117  12:44  SCV x2  
  124  12:55  Ghost  
  124  12:56  SCV x3, Ghost  
  124  12:57  Marine x2  
  133  13:01  Marine x3  
  133  13:03  Supply Depot  
  136  13:08  SCV x3  
  139  13:16  Ghost  
  139  13:18  Marine  
  139  13:19  Marine x2, Ghost  
  146  13:20  SCV x3  
  146  13:24  Ghost x2  
  146  13:26  Supply Depot  
  153  13:32  SCV x2  
  155  13:44  SCV x2  
  155  13:45  Ghost  
  136  13:49  Supply Depot  
  114  14:06  Ghost x2  
  114  14:07  Marine, Ghost  
  114  14:08  Marine x3  
  124  14:11  Supply Depot  
  124  14:13  Ghost  
  124  14:24  Personal Cloaking  
  120  14:33  Supply Depot  
  111  14:54  Marine  
  111  14:55  SCV  
  111  14:56  Supply Depot  
  111  14:58  Marine  
  114  15:07  SCV  
  115  15:19  SCV  
  101  18:10  Orbital Command  
  94  18:42  Orbital Command  
  71  20:36  Command Center  
  71  21:20  Orbital Command  
  66  21:56  Orbital Command  
  49  23:02  Supply Depot  
  49  23:25  Supply Depot  
Show
View Real Time Build Order
Export as new Build Order

LilleSkutt Terran - Winner!

Build Orders: Liberator Opening 

Get SALT Encoding   

  12  0:00  SCV  
  13  0:12  SCV  
  14  0:18  Supply Depot  
  14  0:25  SCV  
  15  0:39  SCV  
  15  0:40  Barracks  
  16  0:45  Refinery  
  16  0:52  SCV  
  17  1:04  SCV  
  18  1:16  SCV  
  19  1:28  SCV  
  20  1:40  SCV  
  20  1:43  Command Center  
  20  1:47  Barracks Reactor  
  20  1:55  Supply Depot  
  20  2:00  Orbital Command  
  20  2:11  Refinery  
  20  2:20  Factory  
  20  2:23  Marine  
  20  2:24  Marine  
  20  2:29  SCV  
  23  2:41  SCV, Marine x2  
  26  2:53  SCV  
  26  2:56  Orbital Command  
  27  3:04  Starport  
  27  3:10  SCV  
  28  3:13  Barracks Tech Lab  
  28  3:15  Hellion x2  
  32  3:23  SCV  
  32  3:24  SCV  
  34  3:35  SCV  
  34  3:36  SCV  
  36  3:42  Hellion  
  36  3:43  Supply Depot  
  36  3:44  Hellion  
  36  3:47  SCV  
  41  3:49  Liberator  
  41  3:52  SCV  
  45  3:59  SCV  
  46  4:04  SCV  
  46  4:06  Supply Depot  
  47  4:16  SCV x2  
  49  4:19  Marine  
  49  4:22  Stimpack  
  46  4:25  Command Center  
  46  4:28  SCV  
  47  4:31  SCV  
  47  4:34  Refinery  
  47  4:35  Refinery  
  47  4:37  Marine  
  49  4:42  SCV  
  49  4:45  Starport Reactor  
  50  4:46  Barracks  
  50  4:47  Barracks, Widow Mine  
  50  4:51  SCV  
  53  4:54  SCV, Marine  
  53  5:05  SCV  
  53  5:07  SCV  
  55  5:12  Marine  
  54  5:17  SCV  
  54  5:19  SCV  
  54  5:20  Engineering Bay  
  56  5:22  Widow Mine x2  
  60  5:29  SCV  
  60  5:31  SCV, Marine  
  60  5:32  Medivac  
  60  5:35  Barracks Reactor x2  
  62  5:36  Medivac  
  62  5:38  Orbital Command  
  64  5:43  SCV  
  64  5:44  SCV  
  64  5:47  Missile Turret  
  64  5:48  Marine  
  64  5:49  Missile Turret  
  67  5:51  Missile Turret  
  67  5:55  SCV  
  67  5:56  SCV, Missile Turret  
  69  6:05  SCV  
  69  6:06  Marine  
  71  6:15  Combat Shield, Terran Infantry Weapons Level 1  
  71  6:18  Engineering Bay  
  71  6:20  Armory  
  71  6:24  Marine  
  72  6:30  SCV x3, Marine x2  
  72  6:32  Marine  
  77  6:34  Medivac  
  77  7:00  Marine  
  77  7:01  Marine x4  
  77  7:02  Medivac  
  74  7:13  Supply Depot  
  74  7:14  Supply Depot  
  74  7:16  Supply Depot x2, Terran Infantry Armor Level 1  
  74  7:17  Command Center  
  74  7:18  Marine  
  74  7:19  Marine x2, Terran Vehicle Weapons Level 1  
  77  7:30  Marine x2  
  77  7:31  Widow Mine x2  
  83  7:42  Factory  
  83  7:48  Marauder  
  85  7:53  Missile Turret  
  85  7:54  Refinery  
  85  7:56  Missile Turret  
  85  7:58  Refinery  
  85  7:59  Missile Turret  
  85  8:09  Hi-Sec Auto Tracking  
  81  8:16  SCV x2  
  81  8:17  SCV  
  84  8:28  SCV x2, Missile Turret  
  84  8:31  Marine  
  84  8:32  Marauder  
  84  8:33  Marine  
  90  8:37  Widow Mine  
  90  8:39  Factory Tech Lab  
  92  8:42  Widow Mine  
  94  8:49  Sensor Tower  
  94  8:50  Missile Turret  
  94  8:51  Orbital Command, Command Center  
  94  8:57  Marine x5  
  94  9:01  Thor  
  105  9:07  Terran Infantry Weapons Level 2  
  105  9:10  Neosteel Armor  
  105  9:12  Terran Vehicle Weapons Level 2  
  105  9:15  Marine x2  
  107  9:19  SCV  
  99  10:12  Marine  
  99  10:13  Marine x3  
  99  10:14  Marauder  
  94  10:15  SCV x2  
  94  10:16  Thor  
  94  10:17  Widow Mine x2  
  93  10:21  Orbital Command  
  93  10:24  SCV x2  
  93  10:26  Thor, Medivac x2  
  93  10:27  SCV x2  
  101  10:30  Marine x2  
  101  10:31  Marine x2  
  101  10:34  Marine  
  106  10:36  SCV x2  
  106  10:38  Widow Mine  
  106  10:39  SCV  
  111  10:45  Ghost Academy  
  111  10:48  Marine x3, Ghost Academy  
  111  10:49  Marine  
  115  10:50  Terran Infantry Armor Level 2  
  115  10:53  Marauder  
  115  10:56  Refinery, Medivac x2  
  121  10:59  Barracks  
  121  11:00  SCV x5  
  121  11:01  Refinery  
  121  11:02  Barracks  
  121  11:03  Barracks  
  126  11:06  Marine  
  127  11:12  SCV x5  
  127  11:14  Marine x4  
  127  11:16  Thor  
  127  11:17  Drilling Claws  
  142  11:19  Widow Mine x2  
  142  11:24  SCV  
  147  11:51  Marine x2  
  147  11:52  SCV x3, Marine x2  
  146  12:00  Marauder  
  116  12:16  Marine x7  
  116  12:17  Siege Tank  
  116  12:21  Marine  
  115  12:34  Marine x2  
  117  12:40  Nuke  
  117  12:41  Personal Cloaking  
  119  12:45  Liberator x2  
  119  12:49  Siege Tank  
  119  12:50  Terran Ship Weapons Level 1  
  124  12:53  Terran Infantry Weapons Level 3  
  124  12:54  Marine x7  
  124  12:55  Fusion Core, Marine  
  132  13:06  Widow Mine x2  
  132  13:12  Marine x4  
  140  13:13  Marauder  
  142  13:22  Supply Depot  
  142  13:25  Supply Depot  
  142  13:26  Supply Depot x2  
  142  13:27  Supply Depot x2, Liberator  
  145  13:34  Ghost  
  147  13:43  Liberator  
  150  13:57  Marine x3  
  150  13:58  Barracks Tech Lab x2  
  150  13:59  Barracks Tech Lab  
  153  14:02  Ghost  
  146  14:17  Advanced Ballistics  
  146  14:22  Nuke  
  146  14:24  Ghost  
  146  14:25  Ghost x2  
  147  14:31  Ghost  
  136  14:45  Terran Vehicle And Ship Armor Level 1  
  134  14:53  Ghost  
  134  14:54  Ghost  
  138  15:18  Marauder  
  138  15:19  Marine x3, Marauder  
  138  15:20  Marine  
  140  15:22  Marauder  
  140  15:23  Marauder  
  144  15:37  Marine x4  
  144  15:40  Marauder  
  123  15:54  Widow Mine x2  
  123  15:55  Marine x4  
  101  16:01  Marine  
  88  16:09  Liberator x2  
  88  16:10  Barracks  
  91  16:12  Marine  
  91  16:13  Marine x3  
  91  16:15  Widow Mine  
  91  16:16  Widow Mine  
  76  16:19  Nuke x2, Marauder  
  75  16:30  Marine x2  
  75  16:31  Marine  
  78  16:37  Widow Mine x2  
  73  16:52  Liberator x2  
  59  18:11  Orbital Command  
  52  18:31  Supply Depot  
  52  18:35  Supply Depot  
  52  18:37  Supply Depot  
  52  18:38  Supply Depot  
  52  18:39  Supply Depot  
  52  18:40  Supply Depot  
  52  18:41  Supply Depot  
  52  18:52  Marine x2, Command Center  
  52  18:53  Terran Vehicle Weapons Level 3  
  52  18:54  Terran Infantry Armor Level 3  
  54  18:56  Marine x2  
  54  18:57  Liberator x2  
  54  18:58  Command Center  
  54  18:59  Marauder  
  54  19:00  Command Center x3  
  64  19:05  Supply Depot  
  64  19:10  Marine x2  
  64  19:14  Marine x2  
  68  19:20  Marauder  
  70  19:28  Marine x2  
  72  19:32  Marine  
  73  19:39  Liberator x2  
  73  19:41  Marauder  
  77  19:58  Marine  
  78  20:04  Marine x3, Marauder  
  83  20:24  SCV x4  
  83  20:25  Ghost  
  83  20:28  Planetary Fortress x2  
  89  20:34  Medivac x2  
  90  20:48  Planetary Fortress  
  90  20:54  Marauder  
  87  21:04  Medivac x2  
  91  21:16  Marauder  
  90  21:33  Marine x4  
  90  21:36  Ghost  
  80  21:51  Marine  
  81  21:55  Marine  
  81  21:56  Marine x2  
  84  22:05  Ghost  
  86  22:08  Marine  
  86  22:13  Marine x2  
  84  22:34  Marauder  
  74  22:39  Marine x3  
  61  24:29  Marauder  
  61  24:38  Marine x3  
  61  24:39  Marine  
  57  24:51  Marauder  
  59  24:56  Marine  
  48  26:48  Orbital Command  
  48  26:52  Orbital Command  
  39  29:01  Marine  
Show
View Real Time Build Order
Export as new Build Order

Bamse Protoss - Winner!

Build Orders:  

Get SALT Encoding   

  12  0:00  Probe  
  13  0:12  Probe  
  14  0:19  Pylon  
  14  0:24  Probe  
  15  0:37  Probe (Chrono Boost)  
  15  0:38  Gateway  
  16  0:49  Assimilator, Probe (Chrono Boost)  
  17  1:02  Probe (Chrono Boost)  
  18  1:13  Probe (Chrono Boost)  
  19  1:19  Probe (Chrono Boost)  
  20  1:30  Probe  
  21  1:34  Cybernetics Core  
  21  1:42  Probe  
  22  1:54  Probe  
  22  2:02  Nexus  
  22  2:06  Probe  
  23  2:16  Gateway  
  23  2:18  Gateway  
  23  2:23  Assimilator  
  23  2:38  Pylon  
  23  2:50  Warp Gate  
  23  2:56  Stalker, Robotics Facility, Probe (Chrono Boost)  
  26  3:06  Stalker  
  26  3:07  Probe (Chrono Boost)  
  26  3:12  Probe (Chrono Boost)  
  29  3:13  Stalker  
  29  3:19  Probe (Chrono Boost)  
  33  3:22  Probe (Chrono Boost)  
  33  3:26  Stalker  
  36  3:29  Probe (Chrono Boost)  
  37  3:36  Stalker  
  39  3:42  Probe  
  39  3:43  Stalker  
  39  3:44  Probe  
  43  3:52  Observer  
  43  3:54  Probe  
  45  3:56  Probe  
  46  4:11  Nexus  
  46  4:58  Probe x2  
  44  5:10  Probe x2  
  44  5:20  Stalker x2  
  44  5:21  Stalker  
  46  5:22  Probe x2  
  46  5:25  Pylon  
  46  5:27  Pylon  
  46  5:29  Pylon  
  46  5:32  Shield Battery  
  46  5:36  Pylon  
  46  5:38  Shield Battery  
  46  5:39  Pylon  
  46  5:43  Stalker x3, Pylon  
  46  5:46  Assimilator  
  46  5:48  Assimilator  
  52  5:50  Pylon  
  52  5:51  Pylon  
  52  5:53  Gateway  
  52  5:54  Gateway  
  46  5:57  Gateway  
  41  6:07  Stalker x2  
  45  6:13  Probe  
  45  6:14  Probe x2  
  48  6:23  Stalker  
  50  6:32  Probe x3  
  53  6:44  Probe  
  50  7:16  Stalker x3  
  50  7:18  Probe (Chrono Boost)  
  59  7:22  Probe (Chrono Boost)  
  59  7:23  Probe (Chrono Boost)  
  59  7:28  Probe (Chrono Boost)  
  61  7:32  Probe x2 (Chrono Boost)  
  61  7:33  Forge  
  61  7:35  Observer  
  64  7:37  Probe (Chrono Boost)  
  64  7:38  Stalker, Probe x2 (Chrono Boost)  
  64  7:39  Stalker x2  
  72  7:44  Probe x3  
  72  7:46  Shield Battery, Stalker x3  
  81  7:57  Twilight Council  
  81  8:12  Stalker  
  83  8:13  Stalker x5, Blink (Chrono Boost)  
  83  8:18  Pylon  
  83  8:19  Protoss Ground Weapons Level 1 (Chrono Boost)  
  93  8:42  Assimilator  
  93  8:45  Shield Battery  
  93  8:46  Assimilator  
  93  8:48  Stalker x4  
  99  8:52  Probe x3  
  104  9:03  Stalker x2  
  101  9:24  Probe x3  
  103  9:36  Probe x3  
  106  9:39  Stalker x6  
  118  9:48  Probe x3  
  121  10:00  Probe x3  
  121  10:05  Charge, Protoss Ground Armor Level 1 (Chrono Boost)  
  121  10:06  Forge  
  124  10:07  Forge  
  124  10:13  Stalker x2  
  93  11:05  Stalker x4  
  93  11:06  Stalker x2  
  83  11:16  Protoss Ground Weapons Level 2 (Chrono Boost), Protoss Shields Level 1 (Chrono Boost)  
  83  11:24  Dark Shrine  
  82  11:38  Stalker x5  
  82  11:39  Stalker  
  94  11:43  Nexus  
  94  11:45  Pylon  
  94  11:46  Gateway, Pylon  
  94  11:47  Gateway  
  94  11:48  Pylon  
  94  11:49  Gateway  
  94  11:52  Assimilator  
  94  11:55  Templar Archives  
  94  11:57  Assimilator  
  94  12:01  Pylon  
  94  12:02  Pylon  
  94  12:04  Stalker x2  
  94  12:05  Stalker x2  
  94  12:07  Protoss Ground Armor Level 2 (Chrono Boost)  
  102  12:17  Probe x3  
  105  12:22  Stalker  
  105  12:27  Observer  
  105  12:29  Probe x3  
  111  12:32  High Templar  
  111  12:34  High Templar  
  115  12:39  Archon  
  115  12:41  Probe  
  115  12:42  Zealot x5  
  115  12:43  Zealot  
  128  12:46  Probe x2  
  130  12:53  Probe  
  130  12:57  Immortal  
  130  12:58  Probe  
  136  13:06  Probe x3  
  136  13:10  Probe  
  140  13:13  Protoss Shields Level 2 (Chrono Boost)  
  140  13:18  Probe x3  
  143  13:21  Dark Templar x3  
  143  13:22  Probe  
  143  13:24  Dark Templar  
  152  13:30  Probe  
  141  14:12  Dark Templar x3  
  141  14:13  Dark Templar x4  
  93  14:55  High Templar x2  
  93  14:56  High Templar x4  
  93  14:58  Zealot x3  
  107  15:10  Nexus  
  107  15:12  Protoss Ground Weapons Level 3 (Chrono Boost), Pylon  
  107  15:14  Pylon  
  107  15:16  Pylon  
  107  15:17  Pylon  
  107  15:19  Gateway  
  107  15:21  Gateway  
  107  15:22  Gateway  
  107  15:23  Protoss Ground Armor Level 3 (Chrono Boost)  
  107  15:34  Photon Cannon  
  107  15:36  Photon Cannon  
  107  15:38  Photon Cannon  
  107  15:39  Photon Cannon  
  107  15:43  Pylon  
  107  15:44  Psionic Storm  
  107  15:46  Assimilator  
  107  15:48  Assimilator  
  107  15:49  Zealot x6  
  119  15:50  Zealot x3  
  119  15:52  Archon x2  
  119  15:53  Nexus, Archon  
  125  16:02  Protoss Shields Level 3 (Chrono Boost)  
  125  16:03  Immortal  
  129  16:12  Zealot x2  
  129  16:13  Zealot x3  
  129  16:14  Zealot  
  139  16:29  High Templar x4  
  139  16:30  High Templar  
  139  16:32  Zealot  
  111  16:46  Dark Templar x2  
  97  16:49  Zealot x4  
  97  16:52  Archon x2  
  70  17:13  Dark Templar x3  
  46  17:24  Zealot x2  
  46  17:25  Zealot x2  
  43  17:48  Dark Templar  
  43  17:50  Zealot x2  
  43  17:51  Zealot x3  
  22  19:24  Dark Templar x3  
  22  19:25  Dark Templar  
  22  19:27  Zealot x2  
  34  19:32  Probe  
  33  19:44  Probe (Chrono Boost)  
  20  19:53  Probe (Chrono Boost)  
  22  20:02  Probe (Chrono Boost)  
  22  20:03  Probe (Chrono Boost)  
  23  20:08  Probe x2 (Chrono Boost)  
  25  20:19  Dark Templar x2  
  25  20:20  Probe x2 (Chrono Boost), Dark Templar  
  33  20:21  Zealot  
  33  20:22  Zealot x2  
  39  20:32  Probe (Chrono Boost)  
  40  20:40  Probe (Chrono Boost)  
  41  20:46  Probe  
  41  20:58  Probe  
  42  21:10  Nexus, Probe  
  29  21:54  Dark Templar x4  
  28  22:34  Dark Templar  
  28  22:35  Zealot  
  28  22:36  Zealot x4  
  40  23:22  Nexus  
  40  23:31  Probe x2  
  42  23:43  Probe x2  
  42  23:55  Probe x2  
  44  24:06  Dark Templar  
  44  24:07  Probe x2, Dark Templar  
  50  24:19  Nexus  
  50  24:36  Nexus  
  40  25:11  Dark Templar x4  
  40  25:13  Zealot x2  
  40  25:48  Dark Templar  
  40  25:49  Zealot  
  44  25:50  Zealot x4  
  52  26:09  Probe (Chrono Boost)  
  54  26:20  Probe (Chrono Boost)  
  54  26:23  Archon  
  54  26:24  Archon, Probe (Chrono Boost)  
  54  26:27  Dark Templar  
  54  26:29  Zealot x3  
  63  26:36  Probe (Chrono Boost)  
  64  26:46  Pylon  
  65  26:48  Probe (Chrono Boost)  
  65  26:53  Probe (Chrono Boost)  
  66  27:02  Probe  
  66  27:14  Probe  
  67  27:47  Assimilator  
  67  27:50  Assimilator  
  41  28:26  Gateway  
  41  28:27  Gateway x2  
  41  28:29  Gateway  
  7  29:13  Probe (Chrono Boost)  
  9  29:21  Probe (Chrono Boost)  
  9  29:24  Probe (Chrono Boost)  
Tags
 
Add a new tag
Caveats
  • Supply blocks, unpowered buildings, or Contaminate may cause inaccurate times.
  • Supply counts are checked every 10 seconds.